 Dungeon Crawl Stone Soup version 0.31.0-11-ge490571c62 (webtiles) character file.

Game seed: 8534470502248646180

71 hikkokomori the Digger (level 4, -2/32 HPs)
             Began as a Formicid Wanderer on Feb 2, 2024.
             Killed from afar by an orc wizard (8 damage)
             ... with a magic dart
             ... on level 2 of the Dungeon.
             The game lasted 00:02:59 (1960 turns).

hikkokomori the Digger (Formicid Wanderer)          Turns: 1960, Time: 00:03:00

Health: -2/32      AC:  4    Str: 15    XL:     4   Next: 47%
Magic:  4/7        EV: 10    Int: 12    God:
Gold:   108        SH:  5    Dex: 16    Spells: 6/7 levels left

rFire   . . .        a - +2 mace
rCold   . . .        b - +0 buckler
rNeg    . . .        d - +0 leather armour
rPois   .            (helmet unavailable)
rElec   .            e - +0 cloak
rCorr   .            (no gloves)
SInv    +            (no boots)
Will    .....        (no amulet)
Stlth   ++           (no ring)
HPRegen 0.25/turn    (no ring)
MPRegen 0.10/turn

%: no passive effects
@: no status effects
A: permanent stasis, dig shafts and tunnels, antennae 3, four strong arms
a: Dig, Shaft Self


You were on level 2 of the Dungeon.
You visited 1 branch of the dungeon, and saw 3 of its levels.

You collected 108 gold pieces.

Inventory:

Hand Weapons
 a - a +2 mace (weapon)
Armour
 b - a +0 buckler (worn)
 d - a +0 leather armour (worn)
 e - a +0 cloak (worn)
 j - a +0 kite shield
Scrolls
 g - a scroll of enchant weapon {unknown}
 h - a scroll of vulnerability {unknown}
 i - a scroll of enchant armour {unknown}
 l - a scroll of fear {unknown}
 o - 2 scrolls of identify {unknown}
Potions
 f - a potion of magic {unknown}
 k - 2 potions of might {unknown}
 m - a potion of attraction {unknown}
 n - 2 potions of enlightenment {unknown}
 p - 2 potions of brilliance {unknown}


   Skills:
 + Level 1.4 Fighting
 - Level 3.0 Maces & Flails
 + Level 2.4 Stealth
 + Level 3.5 Shields
 + Level 2.0 Spellcasting
 + Level 4.2 Earth Magic


You had 6 spell levels left.
You knew the following spells:

 Your Spells              Type           Power      Damage    Failure   Level
a - Sandblast             Erth           22%        2d7       8%          1

Your spell library contained the following spells:

 Spells                   Type           Power      Damage    Failure   Level
 Passwall                 Erth           11%        N/A       24%         3
 Olgreb's Toxic Radiance  Alch           1%         N/A       99%         4
 Summon Blazeheart Golem  Fire/Summ      1%         N/A       99%         4
 Orb of Destruction       Conj           0%         9d5       100%        7
 Ozocubu's Refrigeration  Ice            0%         4d7       100%        7
 Spellforged Servitor     Conj/Summ      0%         N/A       100%        7
 Discord                  Hex            0%         N/A       100%        8


Dungeon Overview and Level Annotations

Branches:
Dungeon (3/15)

Altars:
Makhleb


Innate Abilities, Weirdness & Mutations

You cannot be hasted, slowed, berserked, paralysed or teleported.
You can dig through walls and to a lower floor.
You have a pair of large antennae on your head. (SInv)
Your four strong arms can wield two-handed weapons with a shield.


Message History

The orc wizard hits you with a +0 dagger.
* * * LOW HITPOINT WARNING * * *
The orc barely misses you. The orc hits you with a +0 mace.
* * * LOW HITPOINT WARNING * * *
The orc hits you but does no damage.
Unknown command.
Casting: Sandblast (safe; 8% risk of failure)
Confirm with . or Enter, or press ? or * to list all spells.
Aiming: Sandblast (safe; 8% risk of failure)
Press: ? - help, Shift-Dir - straight line, f - orc
Aim: an orc, wielding a +0 dagger (moderately wounded, 82% to hit)
The blast of sand hits the orc!
You kill the orc!
The orc wizard completely misses you. The orc barely misses you.
The orc completely misses you.
Unknown command.
You see here a +0 dagger.
Casting: Sandblast (safe; 8% risk of failure)
Confirm with . or Enter, or press ? or * to list all spells.
Aiming: Sandblast (safe; 8% risk of failure)
Press: ? - help, Shift-Dir - straight line, f - orc wizard
Aim: an orc wizard, wielding a +0 dagger and wearing a +0 robe (77% to hit)
The blast of sand hits the orc wizard but does no damage.
The orc wizard barely misses you.
Unknown command.
The orc wizard mumbles some strange words.
The orc wizard flickers and vanishes for a moment.
You closely miss the orc. The orc hits you with a +0 whip.
* * * LOW HITPOINT WARNING * * *
Unknown command.
Casting: Sandblast (safe; 8% risk of failure)
Confirm with . or Enter, or press ? or * to list all spells.
Aiming: Sandblast (safe; 8% risk of failure)
Press: ? - help, Shift-Dir - straight line, f/p - orc wizard
Aim: an orc wizard, wielding a +0 dagger and wearing a +0 robe (slightly transparent, 77% to hit)
The blast of sand hits the orc!
You kill the orc!
The orc wizard points at you and mumbles some strange words.
The magic dart hits you!
You die...

....#####.# #...........)## ....#
#.# #.....###.##.## ....# #.#
##...## #.##.## ##### #.# #..)##
#...... ##.# #.### ###...# #
###..# #.## ##..... ## ##.#.##
#..## ##......
.####....##########...####.......
.'..............@)oo.....+..^....
.####....##########...####.......
## ###.#.#### #..## ##...... #
#........# #.#### ##.....
#.###.##.#### #....# ##...#
####.###.##....#######.# ##'##
.....#...#...#...# #.# #.##
###..#.#...#...#.# #.# ####...
#..#...#...#...# #.# #.....#


You could see an orc wizard (invisible) and an orc.

Vanquished Creatures
  An adder (D:2)
  4 dart slugs
  2 ribbon worms (D:2)
  5 orcs (D:2)
  3 ball pythons
  6 endoplasms
  2 giant cockroaches (D:1)
  3 goblins (D:2)
  A hobgoblin (D:2)
  3 kobolds
  3 quokkas
  4 bats
  3 frilled lizards
  4 rats
44 creatures vanquished.

Notes
Turn   | Place    | Note
-------+----------+-------------------------------------------
     0 | D:1      | hikkokomori the Formicid Wanderer began the quest for the
                  | Orb.
     0 | D:1      | hikkokomori set off with the following items: a +2 mace, a
                  | +0 buckler, a potion of heal wounds, a +0 leather armour;
                  | and the following spell memorised: Sandblast; and the
                  | following spells available to memorise: Passwall.
     0 | D:1      | Reached XP level 1. HP: 13/13 MP: 2/2
   178 | D:1      | Reached XP level 2. HP: 20/20 MP: 0/3
   670 | D:1      | Found a faded altar of an unknown god.
   853 | D:2      | Reached XP level 3. HP: 25/25 MP: 3/5
   854 | D:2      | Reached skill level 1 in Fighting
  1046 | D:2      | Reached skill level 4 in Earth Magic
  1199 | D:2      | Found a burning altar of Makhleb.
  1396 | D:2      | Reached XP level 4. HP: 32/32 MP: 6/6
  1960 | D:2      | Killed from afar by an orc wizard

Illustrated notes

Levels and vault maps discovered:
D:1:      psy_arrival_dodecagon, layout_rooms,
          shapermc_ecumenical_altar_mp_vishouse, chequers_arboretum,
          minmay_misc_feat_hallway, minmay_split_cup_large
D:2:      layout_loops_corners, basic_altar,
          hangedman_abyss_or_decor_lesser_grid, minmay_misc_feat_four_crosses,
          kennysheep_generic_room_4
D:3:      layout_loops_ring, biasface_ghost_orc_armoury

Skill      XL: |  1  2  3  4 |
---------------+-------------+-----
Shields        | 3 |  3.5
Fighting       | 1 |  1.4
Stealth        | 2 |  2.4
Earth Magic    | 4 |  4.2
Spellcasting   | 2 |  2.0
Maces & Flails | |  3.0

Action                     |  1- 3 |  4- 6 || total
---------------------------+-------+-------++-------
  Melee: Mace              |    56 |    34 ||    90
   Cast: Sandblast         |    21 |     3 ||    24
    Use: Potion            |       |     1 ||     1
   Stab: Sleeping          |     2 |     1 ||     3
 Armour: Leather armour    |    29 |    35 ||    64
  Dodge: Dodged            |    26 |    31 ||    57
  Block: Buckler           |    14 |    11 ||    25
